 Dungeon Crawl Stone Soup version 0.18-b1-22-ge198996 (webtiles) character file.

1600 oplop the Covered (level 8, 0/73 HPs)
             Began as a Minotaur Fighter on May 4, 2016.
             Slain by a wight
             ... wielding a +3 scimitar of freezing
              (2 damage)
             ... on level 6 of the Dungeon.
             The game lasted 00:06:43 (3669 turns).

oplop the Covered (Minotaur Fighter)                Turns: 3669, Time: 00:06:44

Health: 0/73       AC:  9    Str: 22    XL:     8   Next: 62%
Magic:  7/7        EV:  9    Int:  5    God:
Gold:   327        SH: 11    Dex: 16    Spells: 0 memorised, 7 levels left

rFire  . . .     SeeInvis .     a - +0 trident
rCold  . . .     Gourm    .     s - +3 leather armour
rNeg   . . .     Faith    .     c - +0 shield
rPois  .         Spirit   .     (helmet restricted)
rElec  .         Dismiss  .     g - +0 cloak
rCorr  .         Reflect  .     e - +0 pair of gloves
SustAt .         Harm     .     (no boots)
MR     .....                    (no amulet)
Stlth  +.........               (no ring)
                                q - +5 ring of dexterity

@: drained, not resistant to hostile enchantments, very unstealthy
A: retaliatory headbutt, horns 2
a: no special abilities


You were on level 6 of the Dungeon.
You were hungry.

You visited 1 branch of the dungeon, and saw 6 of its levels.

You collected 327 gold pieces.

Inventory:

Hand Weapons
 a - a +0 trident (weapon)
Missiles
 m - 8 javelins (quivered)
Armour
 c - a +0 shield (worn)
 e - a +0 pair of gloves (worn)
 g - a +0 cloak (worn)
 s - a +3 leather armour (worn)
Jewellery
 q - a +5 ring of dexterity (left hand)
Scrolls
 b - 2 scrolls of noise {unknown}
 h - 4 scrolls of enchant weapon {unknown}
 i - 3 scrolls of remove curse {unknown}
 j - 4 scrolls of teleportation {unknown}
 k - 2 scrolls of enchant armour {unknown}
 n - 4 scrolls of identify {unknown}
 p - 2 scrolls of immolation {unknown}
 v - a scroll of recharging {unknown}
Potions
 d - a potion of might
 l - a potion of lignification
 u - a potion of magic {unknown}
 w - a potion of cancellation {unknown}
 x - a potion of mutation {unknown}
Comestibles
 f - 5 bread rations
 o - 4 meat rations
 t - a slice of pizza
 z - a chunk of flesh


   Skills:
 + Level 7.3(6.2) Fighting
 + Level 7.0(5.9) Polearms
 + Level 7.7(6.6) Armour
 + Level 7.3(6.2) Shields


You had 7 spell levels left.
You didn't know any spells.

Dungeon Overview and Level Annotations

Branches:
Dungeon (6/15)
 Temple: D:4-7

Altars:
Elyvilon
Trog
The Shining One


Innate Abilities, Weirdness & Mutations

You reflexively headbutt those who attack you in melee.
You have a pair of horns on your head.


Message History

You closely miss the wight.
The wight is heavily damaged.
You block the wight's attack. x2
You hit the wight but do no damage.
You headbutt the wight, but do no damage.
The wight is heavily damaged.
You are feeling hungry.
You block the wight's attack. x2
You barely miss the wight.
The wight is heavily damaged.
The wight hits you from afar with a spear.
* * * LOW HITPOINT WARNING * * *
You feel drained.
* * * LOW HITPOINT WARNING * * *
You barely miss the wight.
The wight is heavily damaged.
The wight hits you with a scimitar of freezing.
* * * LOW HITPOINT WARNING * * *
You feel drained.
You die...

#...........###.#
..............†.#.##### .
###...........#.#.#.......#..PP..
########....#...#.#........._..
#....#..(..z........FP.Z
..........#..h...z.......
........#z#......Z.......?
........#z#.#####z#...o..#
........#@#.# #.#......#
......#.#.#####.#......# #####
#.....o...........
#.................
#..............?..
#................#
#.................
#.##.........#.###
#.##...........#


You could see 2 wights.

Vanquished Creatures
  3 black bears (D:6)
  An ogre (D:5)
  2 centaurs
  A giant frog (D:6)
  A water moccasin skeleton (D:6)
  2 scorpions (D:5)
  6 killer bees (D:5)
  2 wights (D:6)
  A crimson imp (D:5)
  A giant frog zombie (D:6)
  A hound (D:5)
  An orc priest (D:5)
  3 orc wizards
  An iguana (D:5)
  3 worker ants
  A worker ant zombie (D:5)
  9 adders
  A shadow imp (D:5)
  2 oozes
  2 worms
  5 dart slugs
  4 giant geckos
  14 orcs
  7 giant cockroaches
  6 goblins
  3 hobgoblins
  7 jackals
  4 quokkas (D:2)
  A ball python (D:3)
  8 bats
  A giant gecko skeleton (D:5)
  2 giant newts
  5 kobolds
  7 rats
118 creatures vanquished.

Vanquished Creatures (others)
  An adder (D:5)
1 creature vanquished.

Grand Total: 119 creatures vanquished

Notes
Turn   | Place    | Note
--------------------------------------------------------------
     0 | D:1      | oplop the Minotaur Fighter began the quest for the Orb.
     0 | D:1      | Reached XP level 1. HP: 19/19 MP: 0/0
    62 | D:1      | Reached XP level 2. HP: 26/27 MP: 1/1
   287 | D:1      | Reached XP level 3. HP: 31/33 MP: 2/2
   488 | D:2      | Found a white marble altar of Elyvilon.
   755 | D:2      | Reached XP level 4. HP: 40/40 MP: 3/3
  1233 | D:3      | Reached skill level 5 in Armour
  1233 | D:3      | Reached XP level 5. HP: 44/47 MP: 4/4
  1971 | D:5      | Entered Level 5 of the Dungeon
  1979 | D:5      | Reached skill level 5 in Fighting
  2050 | D:5      | Noticed an ogre
  2055 | D:5      | Killed an ogre
  2055 | D:5      | Reached skill level 5 in Shields
  2055 | D:5      | Reached XP level 6. HP: 45/56 MP: 5/5
  2164 | D:5      | Reached skill level 5 in Polearms
  2176 | D:5      | Reached XP level 7. HP: 40/61 MP: 6/6
  2187 | D:5      | HP: 1/93 [killer bee (6)]
  3002 | D:5      | Found a glowing golden altar of the Shining One.
  3540 | D:6      | Reached XP level 8. HP: 70/71 MP: 7/7
  3585 | D:6      | Found a bloodstained altar of Trog.
  3669 | D:6      | HP: 2/73 [wight/scimitar of freezing (6)]
  3669 | D:6      | Slain by a wight

Skill      XL: |  1  2  3  4  5  6  7  8 |
---------------+-------------------------+-----
Fighting       | 4 5 6 7 |  7.3
Armour         | 4 5 6 7 |  7.7
Shields        | 4 5 6 7 |  7.3
Polearms       | 3 4 5 6 7 |  7.0

Action                   |  1- 3 |  4- 6 |  7- 9 || total
-------------------------+-------+-------+-------++-------
Melee: Trident           |   107 |   118 |   184 ||   409
       Headbutt          |    11 |    23 |    44 ||    78
Throw: Javelin           |       |     7 |     2 ||     9
  Use: Potion            |       |       |     4 ||     4
 Stab: Sleeping          |       |       |     2 ||     2
  Eat: Chunk             |       |     4 |     5 ||     9
Armor: Scale mail        |    31 |    22 |       ||    53
       Leather armour    |       |    22 |    30 ||    52
       Skin              |       |       |    40 ||    40
Dodge: Dodged            |    24 |    33 |    40 ||    97
Block: Shield            |    36 |    53 |    91 ||   180
